 Dungeon Crawl Stone Soup version 0.19-a0-450-g98b348d (webtiles) character file.

160 Skanax the Grave Robber (level 5, -1/36 HPs)
             Began as a Demonspawn Necromancer on June 1, 2016.
             Slain by Sigmund
             ... wielding a +1 vampiric scythe
              (9 damage)
             ... on level 3 of the Dungeon.
             The game lasted 00:11:18 (2647 turns).

Skanax the Grave Robber (Demonspawn Necromancer)    Turns: 2647, Time: 00:11:19

Health: -1/36      AC:  4    Str: 13    XL:     5   Next: 17%
Magic:  8/19       EV: 12    Int: 17    God:
Gold:   116        SH:  2    Dex: 13    Spells: 4 memorised, 2 levels left

rFire  . . .     SeeInvis .     (no weapon)
rCold  . . .     Gourm    .     a - +0 robe
rNeg   . . .     Faith    .     (no shield)
rPois  .         Spirit   .     (no helmet)
rElec  .         Dismiss  .     (no cloak)
rCorr  .         Reflect  .     (no gloves)
SustAt .         Harm     .     (no boots)
MR     .....                    (no amulet)
Stlth  ++........               g - ring of magical power
                                i - +4 ring of strength

@: regenerating, not resistant to hostile enchantments, unstealthy
A: claws 2, large bone plates 1
a: no special abilities


You were on level 3 of the Dungeon.
You were not hungry.

You visited 1 branch of the dungeon, and saw 3 of its levels.

You collected 116 gold pieces.

Inventory:

Missiles
 e - 82 stones (quivered)
 f - 10 poisoned needles
 j - 28 sling bullets
 k - 4 large rocks
 r - 17 bolts
Armour
 a - a +0 robe (worn)
 u - a +0 pair of gloves
Jewellery
 g - a ring of magical power (right claw)
 i - a +4 ring of strength (left claw)
Scrolls
 l - a scroll of remove curse
 n - 2 scrolls of noise
 o - a scroll of magic mapping
 q - a scroll of teleportation
 s - a scroll of blinking
 t - 2 scrolls of identify
Potions
 h - 3 potions of cancellation
 p - a potion of curing
Books
 b - a book of Necromancy

   Spells                             Type                      Level
   a - Pain                           Necromancy                   1
   b - Animate Skeleton               Necromancy                   1
   c - Vampiric Draining              Necromancy                   3
   d - Regeneration                   Charms/Necromancy            3
   e - Animate Dead                   Necromancy                   4
   f - Control Undead                 Necromancy                   4
Comestibles
 d - a meat ration
 m - a fruit


   Skills:
 + Level 0.4 Fighting
   Level 0.1 Slings
 + Level 2.1 Dodging
 + Level 1.8 Stealth
 + Level 3.7 Spellcasting
 + Level 5.6 Necromancy


You had 2 spell levels left.
You knew the following spells:

 Your Spells              Type           Power        Failure   Level  Hunger
a - Pain                  Necr           ###.         1%          1    None
b - Animate Skeleton      Necr           N/A          1%          1    None
c - Regeneration          Chrm/Necr      ##........   17%         3    ###....
d - Animate Dead          Necr           N/A          17%         4    ####...


Dungeon Overview and Level Annotations

Branches:
Dungeon (3/15)

Altars:
Sif Muna

Annotations:
D:3 Sigmund


Innate Abilities, Weirdness & Mutations

You have very sharp fingernails.
You are partially covered in large bone plates. (AC +2, SH +2)


Message History

You hear some strange, mumbled words.
A puff of flame appears from out of thin air!
The puff of flame misses you. Something hits you.
Throwing (i - inventory):
e - 83 stones (quivered)
Press: ? - help, Shift-Dir - straight line You throw a stone.
Your skin is crawling a little less now.
You closely miss something. Something hits you!
* * * LOW HITPOINT WARNING * * *
Something hits you but does no damage.
A ball python comes into view.
Found a metallic sapphire potion.
Your skin stops crawling.
Found a fuming amethyst potion.
Casting: Regeneration
Confirm with . or Enter, or press ? or * to list all spells.
Your skin crawls.
Something hits you!
You die...

#### #..# . #..# ...
#..########).... #
#####.......$((....(##
#.........######...(#.
##.##@##..# ####.
#.##.###+# ###....
#.##....!.# ##......
#.####....# #..#....
#.# ....# #..####. #.#
...# #...# #. #.# ..S#
#...# ## #.#### !.#
#...#### #....# ..#
#.......


You could see a ball python.

Vanquished Creatures
  Jessica (D:3)
  Natasha (D:3)
  Ijyb (D:2)
  4 adders
  3 oozes
  A worm (D:2)
  3 dart slugs (D:1)
  A giant gecko (D:1)
  4 giant cockroaches
  2 bats
  3 giant newts (D:2)
  2 goblins (D:1)
  5 kobolds
  4 rats
35 creatures vanquished.

Vanquished Creatures (collateral kills)
  A giant cockroach (D:2)
1 creature vanquished.

Grand Total: 36 creatures vanquished

Notes
Turn   | Place    | Note
--------------------------------------------------------------
     0 | D:1      | Skanax the Demonspawn Necromancer began the quest for the Orb.
     0 | D:1      | Reached XP level 1. HP: 13/13 MP: 3/3
     2 | D:1      | Learned a level 1 spell: Animate Skeleton
   240 | D:1      | Gained mutation: You have sharp fingernails. [demonic ancestry]
   240 | D:1      | Reached XP level 2. HP: 15/19 MP: 1/5
   602 | D:1      | Gained mutation: You have very sharp fingernails. [demonic ancestry]
   602 | D:1      | Reached XP level 3. HP: 18/24 MP: 6/6
   607 | D:1      | Learned a level 3 spell: Regeneration
   949 | D:2      | Reached skill level 5 in Necromancy
  1336 | D:2      | Noticed Ijyb
  1347 | D:2      | Killed Ijyb
  1347 | D:2      | Reached XP level 4. HP: 8/30 MP: 8/8
  1424 | D:2      | Learned a level 4 spell: Animate Dead
  2432 | D:3      | Noticed Natasha
  2440 | D:3      | Killed Natasha
  2444 | D:3      | Noticed Jessica
  2453 | D:3      | Killed Jessica
  2453 | D:3      | Gained mutation: You are partially covered in large bone plates. (AC +2, SH +2) [demonic ancestry]
  2453 | D:3      | Reached XP level 5. HP: 20/36 MP: 10/10
  2503 | D:3      | Found a deep blue altar of Sif Muna.
  2619 | D:3      | Noticed Sigmund
  2647 | D:3      | Slain by Sigmund

Vault maps used:
D:1:      tarquinn_simple_flora_water_b
D:2:      kennysheep_nondescript, bh_chokoban, uniq_iyjb
D:3:      tgw_sif, uniq_natasha, uniq_sigmund

Skill      XL: |  1  2  3 |
---------------+----------+-----
Necromancy     | 5 |  5.6
Dodging        | 2 |  2.1
Spellcasting   | 3 |  3.7
Fighting       | |  0.4
Slings         | |  0.1
Stealth        | |  1.8

Action                   |  1- 3 |  4- 6 || total
-------------------------+-------+-------++-------
Melee: Unarmed           |    12 |     2 ||    14
 Fire: Hunting sling     |    12 |       ||    12
Throw: Stone             |     8 |     5 ||    13
 Cast: Pain              |    51 |    37 ||    88
       Animate Skeleton  |     4 |     1 ||     5
       Animate Dead      |       |     6 ||     6
       Regeneration      |       |     2 ||     2
  Use: Scroll            |     8 |     2 ||    10
       Potion            |     2 |     1 ||     3
  Eat: Bread ration      |     1 |     1 ||     2
       Chunk             |     1 |       ||     1
       Fruit             |       |     1 ||     1
Armor: Robe              |     4 |     3 ||     7
Dodge: Dodged            |    11 |    12 ||    23
